 Dungeon Crawl Stone Soup version 0.29.1-13-g9f3cf754e1 (webtiles) character file.

Game seed: 10933420242648414645

411 KittyFluff the Cudgeller (level 6, -6/38 HPs)
             Began as a Gargoyle Berserker on Jan 23, 2023.
             Was a Priest of Trog.
             Killed by divine providence
             ... invoked by an orc priest
              (11 damage)
             ... on level 4 of the Dungeon.
             The game lasted 00:14:22 (3086 turns).

KittyFluff the Cudgeller (Gargoyle Berserker)       Turns: 3086, Time: 00:14:23

Health: -6/38      AC: 10    Str: 21    XL:     6   Next: 90%
Magic:  6/6        EV: 12    Int:  7    God:    Trog [***...]
Gold:   154        SH:  0    Dex: 11    Spells: 5/5 levels left

rFire   . . .      SeeInvis .   a - +0 mace
rCold   . . .      Faith    .   (no shield)
rNeg    + . .      Spirit   .   t - +3 leather armour
rPois   ∞          Reflect  .   (no helmet)
rElec   +          Harm     .   (no cloak)
rCorr   .          Rampage  .   (no gloves)
Will    .....                   (no boots)
Stlth   +.........              (no amulet)
HPRegen 0.12/turn               (no ring)
MPRegen 0.10/turn               (no ring)

@: on berserk cooldown, flying, slowed, very slow
A: sickness immunity, AC +4, negative energy resistance 1, electricity
resistance, torment resistance 1, petrification resistance
a: Renounce Religion, Berserk, Trog's Hand


You were on level 4 of the Dungeon.
You worshipped Trog.
Trog was most pleased with you.
You visited 1 branch of the dungeon, and saw 4 of its levels.
You also visited: Sewer.

You collected 154 gold pieces.

Inventory:

Hand Weapons
 a - a +0 mace (weapon)
Missiles
 d - a throwing net
 g - 35 stones (quivered)
 k - 4 javelins
Armour
 f - a +0 ring mail
 t - a +3 leather armour (worn)
 v - the +1 robe of the Demon Prince {rN++ Regen+}
   (You found it on level 3 of the Dungeon)

   rN:        It greatly protects you from negative energy.
   Regen:     It increases your rate of health regeneration.
Scrolls
 c - 2 scrolls of identify {unknown}
 e - a scroll of butterflies {unknown}
 h - 3 scrolls of teleportation {unknown}
 m - 2 scrolls of amnesia {unknown}
 p - a scroll of torment {unknown}
 u - a scroll of enchant armour {unknown}
 w - a scroll of magic mapping
 x - a scroll of blinking
Potions
 i - 3 potions of flight
 j - 3 potions of curing
 l - a potion of cancellation {unknown}
 n - a potion of ambrosia {unknown}
 o - 2 potions of might {unknown}
 q - a potion of attraction
 r - a potion of invisibility {unknown}
 s - a potion of brilliance {unknown}


   Skills:
 + Level 4.2 Fighting
 + Level 5.3 Maces & Flails
 * Level 4.2 Armour
 + Level 2.9 Dodging
 + Level 0.7 Stealth


You had 5 spell levels left.
You didn't know any spells.
Your spell library was empty.

Dungeon Overview and Level Annotations

Branches:
Dungeon (4/15)             Temple (0/1) D:4           Sewer (visited)

Altars:
Ashenzari
Dithmenos
Makhleb
Ru
Zin
The Shining One


Innate Abilities, Weirdness & Mutations

You are immune to sickness and miasma.
Your stone body is resilient. (AC +4)
You are immune to poison.
You resist negative energy. (rN+)
You are resistant to electric shocks. (rElec)
You are resistant to unholy torment.
You are immune to petrification.


Message History

You feel aware of your surroundings.
You sensed 2 altars.
It was a scroll of magic mapping.
The jackal barks!
You hear a bark!
You hear some strange, mumbled words.
Something tries to affect you, but you resist.
The orc closely misses you.
The orc priest mumbles some strange prayers to Beogh against you.
Beogh smites you!
* * * LOW HITPOINT WARNING * * *
You hear some strange, mumbled words.
You are confused.
A jackal comes into view.
The orc hits you with a +0 hand axe.
* * * LOW HITPOINT WARNING * * *
The orc closely misses you. Something hits you but does no damage.
You are too confused!
You miss something.
The jackal barks!
Something hits you.
* * * LOW HITPOINT WARNING * * *
The orc barely misses you. The orc misses you.
Something hits you but does no damage. The orc attacks as you move away!
The orc misses you. The orc closely misses you.
Something hits you but does no damage.
A jackal comes into view.
Something hits you but does no damage.
You miss something.
You hear some strange, mumbled words.
Something tries to affect you, but you resist.
The orc hits you but does no damage. The orc closely misses you.
An endoplasm comes into view.
The orc attacks as you move away! The orc hits you but does no damage.
You feel less confused.
The endoplasm quivers.
Something hits you.
* * * LOW HITPOINT WARNING * * *
The orc priest looks braver for a moment.
The orc closely misses you.
The orc priest invokes the aid of Beogh against you.
Beogh smites you!
You die...

...................#..,,,,,,,,,,,
....>................?..,,,,,***,
...........<..J.........,,,,,***,
..........##............,,,,**,,,
........................,,,,*,8,,
............##.o........,,,,*,,,,
...............h........,,,,,,,,_
..............h.o.......,,,,*,,,,
..:...........o.@.......,,,,*,8,,
..............ho........,,,,**,,,
.........))....#########***,****,
#########......# *,,,,,, *
#......# ******* #......#
####...# #####


You could see an orc priest, 3 orcs, an endoplasm and 3 jackals.

Vanquished Creatures
  A black bear (D:4)
  2 bullfrogs (Sewer)
  6 adders
  3 river rats (D:3)
  2 worms (D:3)
  2 dart slugs (D:1)
  7 orcs
  8 endoplasms
  15 giant cockroaches
  5 goblins
  3 hobgoblins
  7 kobolds
  8 quokkas
  3 ball pythons (Sewer)
  7 bats
  17 frilled lizards
  7 rats
103 creatures vanquished.

Notes
Turn   | Place    | Note
-------+----------+-------------------------------------------
     0 | D:1      | KittyFluff the Gargoyle Berserker began the quest for the
                  | Orb.
     0 | D:1      | Reached XP level 1. HP: 14/14 MP: 1/1
    57 | D:1      | Found a faded altar of an unknown god.
   224 | D:1      | Reached XP level 2. HP: 19/19 MP: 2/2
   783 | D:1      | Reached XP level 3. HP: 21/24 MP: 3/3
  1273 | D:2      | Found a glowing silver altar of Zin.
  1630 | D:3      | Reached ** piety under Trog
  1635 | D:3      | Identified the +1 robe of the Demon Prince {rN++ Regen+}
  1687 | D:3      | Found a glowing drain.
  1697 | D:3      | Reached XP level 4. HP: 16/29 MP: 4/4
  1711 | D:3      | Reached skill level 4 in Maces & Flails
  1837 | Sewer    | Entered a sewer
  2013 | Sewer    | Reached XP level 5. HP: 33/33 MP: 5/5
  2053 | Sewer    | Reached *** piety under Trog
  2174 | Sewer    | Reached XP level 6. HP: 16/38 MP: 6/6
  2351 | D:3      | Found a burning altar of Makhleb.
  2352 | D:3      | Noticed a cacodemon
  2394 | D:3      | Reached skill level 5 in Maces & Flails
  2436 | D:3      | Found a shadowy altar of Dithmenos.
  2436 | D:3      | Found a glowing golden altar of the Shining One.
  2556 | D:3      | Found a sacrificial altar of Ru.
  2559 | D:3      | Found a broken altar of Ashenzari.
  3016 | D:4      | Noticed a black bear
  3028 | D:4      | Killed a black bear
  3086 | D:4      | Killed from afar by an orc priest

Illustrated notes

Levels and vault maps discovered:
D:1:      dpeg_arrival_rooms_c, layout_loops_ring,
          shapermc_ecumenical_altar_flowoftime
D:2:      layout_basic, basic_altar
D:3:      minmay_chambers_of_twos, layout_loops_cross,
          makhleb_altar_promises_db, nicolae_overflow_two_pavilions,
          mainiacjoe_overflow_large_starburst, portal_sewer_entry_c
D:4:      minmay_recursive_quarters, layout_basic, grunt_gozag_statues,
          amcnicky_altar_gilded, minmay_temple_entry_statues_fountains

Skill      XL: |  1  2  3  4  5  6 |
---------------+-------------------+-----
Armour         | 3 4 |  4.2
Maces & Flails | 4 5 |  5.3
Dodging        | 2 |  2.9
Fighting       | 4 |  4.2
Stealth        | |  0.7

Action                   |  1- 3 |  4- 6 || total
-------------------------+-------+-------++-------
Melee: Mace              |   105 |   236 ||   341
       Punch             |       |     3 ||     3
Invok: Berserk           |     1 |     2 ||     3
  Use: Potion            |     1 |     2 ||     3
       Scroll            |       |     1 ||     1
Armor: Animal skin       |    24 |       ||    24
       Leather armour    |    12 |    35 ||    47
       Robe              |     3 |   114 ||   117
Dodge: Dodged            |    73 |   200 ||   273
